 Dungeon Crawl Stone Soup version 0.23.2-33-g5129a83184 (webtiles) character file.

Game seed: 9495020110920381583

70 Liat the Covered (level 4, 0/35 HPs)
             Began as a Human Fighter on Aug 9, 2019.
             Slain by Crazy Yiuf
             ... wielding a +3 quarterstaff of chaos
              (8 damage)
             ... while paralysed by Crazy Yiuf
             ... on level 2 of the Dungeon.
             The game lasted 00:13:32 (2085 turns).

Liat the Covered (Human Fighter)                    Turns: 2085, Time: 00:13:33

Health: 0/35       AC:  8    Str: 17    XL:     4   Next: 45%
Magic:  4/4        EV:  2    Int:  8    God:
Gold:   94         SH:  0    Dex: 13    Spells: 3/3 levels left

rFire    . . .     SeeInvis .   a - +0 war axe
rCold    . . .     Gourm    .   c - +0 shield
rNeg     . . .     Faith    .   b - +0 scale mail
rPois    .         Spirit   .   l - +1 helmet
rElec    .         Reflect  .   (no cloak)
rCorr    .         Harm     .   (no gloves)
MR       .....                  (no boots)
Stlth    ..........             (no amulet)
HPRegen  0.11/turn              (no ring)
MPRegen  0.09/turn              (no ring)

@: paralysed, lightly drained
A: no striking features
a: no special abilities


You were on level 2 of the Dungeon.
You were hungry.

You visited 1 branch of the dungeon, and saw 2 of its levels.

You collected 94 gold pieces.

Inventory:

Hand Weapons
 a - a +0 war axe (weapon)
 s - a +0 war axe
Armour
 b - a +0 scale mail (worn)
 c - a +0 shield (worn)
 l - a +1 helmet (worn)
Magical Staves
 m - an uncursed staff of poison
Scrolls
 h - 2 scrolls of amnesia {unknown}
 j - a scroll of remove curse {unknown}
 o - a scroll of blinking {unknown}
 q - a scroll of magic mapping {unknown}
 r - 2 scrolls of identify {unknown}
Potions
 d - 2 potions of might
 e - a potion of brilliance {unknown}
 g - a potion of curing
 i - a potion of resistance {unknown}
 k - a potion of mutation {unknown}
 n - a potion of lignification {unknown}
 p - a potion of degeneration {unknown}
Comestibles
 f - 5 rations


   Skills:
 + Level 3.3(3.1) Fighting
 + Level 3.2(3.0) Axes
 + Level 3.3(3.0) Armour
 + Level 0.2(0.0) Dodging
 + Level 0.6(0.4) Stealth
 + Level 3.3(3.1) Shields


You had 3 spell levels left.
You didn't know any spells.
Your spell library was empty.

Dungeon Overview and Level Annotations

Branches:
Dungeon (2/15)

Altars:

Annotations:
D:2 Crazy Yiuf


Message History

You slash Crazy Yiuf!
Crazy Yiuf is heavily wounded.
Crazy Yiuf hits you with a +3 quarterstaff of chaos.
Crazy Yiuf draws strength from your wounds!
You hit Crazy Yiuf.
Crazy Yiuf is heavily wounded.
Crazy Yiuf hits you with a +3 quarterstaff of chaos!
You suddenly lose the ability to move!
Crazy Yiuf hits you with a +3 quarterstaff of chaos.
Crazy Yiuf freezes you. Crazy Yiuf hits you but does no damage.
You are feeling hungry.
Crazy Yiuf hits you with a +3 quarterstaff of chaos!
* * * LOW HITPOINT WARNING * * *
Crazy Yiuf freezes you.
* * * LOW HITPOINT WARNING * * *
Crazy Yiuf hits you but does no damage.
You feel drained.
Crazy Yiuf screams, "Lugonu arm sing!"
Crazy Yiuf hits you with a +3 quarterstaff of chaos!
You die...

## ##.##
#######.#.##
#........#.#
######.#####...##
##...##.# #.....#
#..@....# ##...##
##.g#####
##.##### #....#
#....<. ♣....♣
### #.#####
♣♣.♣.♣ #.# ##'##
♣♣.♣♣ #.# ##...##
♣♣.♣ #.###.....##
♣.♣♣
#.##.......##
♣♣.♣
#.#.........#


You could see Crazy Yiuf.

Vanquished Creatures
  Jessica (D:2)
  2 leopard geckos (D:1)
  An orc (D:2)
  2 giant cockroaches (D:1)
  6 goblins
  7 hobgoblins
  6 jackals
  A quokka (D:2)
  3 bats
  2 frilled lizards
  3 kobolds
  3 rats (D:1)
37 creatures vanquished.

Notes
Turn   | Place    | Note
-------+----------+-------------------------------------------
     0 | D:1      | Liat the Human Fighter began the quest for the Orb.
     0 | D:1      | Reached XP level 1. HP: 18/18 MP: 1/1
   260 | D:1      | Reached XP level 2. HP: 24/24 MP: 2/2
   676 | D:1      | Reached XP level 3. HP: 24/29 MP: 3/3
  1206 | D:2      | Noticed Jessica
  1221 | D:2      | Killed Jessica
  1221 | D:2      | Reached XP level 4. HP: 9/35 MP: 4/4
  2064 | D:2      | Found a runed translucent door.
  2065 | D:2      | Noticed Crazy Yiuf
  2080 | D:2      | Paralysed by Crazy Yiuf for 6 turns
  2085 | D:2      | Slain by Crazy Yiuf

Skill      XL: |  1  2  3 |
---------------+----------+-----
Axes           | 3 |  3.2
Fighting       | |  3.3
Armour         | |  3.3
Dodging        | |  0.2
Stealth        | |  0.6
Shields        | |  3.3

Action                   |  1- 3 |  4- 6 || total
-------------------------+-------+-------++-------
Melee: War axe           |    86 |    38 ||   124
  Use: Potion            |       |     2 ||     2
  Eat: Ration            |     1 |       ||     1
Armor: Scale mail        |    43 |    24 ||    67
Dodge: Dodged            |    30 |     7 ||    37
Block: Shield            |    55 |    21 ||    76
